Map: Ulrena

Players

KidZ - Winner!

  • Race: Protoss Protoss

juhyg

  • Race: Protoss Protoss

VOD

Have the link to the VOD?

Description

Time

  • Played on: Nov. 17, 2015, 6:24 p.m.
  • Length: 2:53
Show
View Real Time Build Order
Export as new Build Order

KidZ Protoss - Winner!

Build Orders:  

Get SALT Encoding   

  12  0:01  Probe (Chrono Boost)  
  13  0:17  Pylon  
  13  0:18  Probe (Chrono Boost)  
  14  0:28  Probe (Chrono Boost)  
  15  0:39  Probe (Chrono Boost)  
  16  0:43  Forge  
  17  0:50  Probe (Chrono Boost)  
  17  0:59  Pylon  
  17  1:00  Probe (Chrono Boost)  
  18  1:14  Probe (Chrono Boost)  
  18  1:15  Pylon  
  19  1:43  Pylon  
  19  1:47  Pylon  
  19  1:49  Pylon  
  19  1:53  Gateway  
  19  1:57  Assimilator  
  19  2:01  Photon Cannon  
  19  2:16  Pylon  
  18  2:33  Pylon  
Show
View Real Time Build Order
Export as new Build Order

juhyg Protoss 

Build Orders:  

Get SALT Encoding   

  12  0:10  Pylon  
  12  0:14  Probe (Chrono Boost)  
  13  0:31  Gateway  
  13  0:36  Assimilator  
  13  0:38  Probe (Chrono Boost)  
  14  0:49  Probe (Chrono Boost)  
  15  1:24  Cybernetics Core  
  15  1:59  Zealot  
  17  2:02  Probe (Chrono Boost)  
  18  2:12  Probe (Chrono Boost)  
  19  2:23  Probe (Chrono Boost)  
Tags
 
Matchup
PvP
Add a new tag
Caveats
  • Supply blocks, unpowered buildings, or Contaminate may cause inaccurate times.
  • Supply counts are checked every 10 seconds.